 Dungeon Crawl Stone Soup version 0.19.3 (webtiles) character file.

312 theAP the Charlatan (level 6, -1/38 HPs)
             Began as a Gargoyle Artificer on Jan 24, 2017.
             Slain by Duvessa
             ... wielding a +1 short sword of speed
              (4 damage)
             ... on level 3 of the Dungeon.
             The game lasted 00:09:04 (3008 turns).

theAP the Charlatan (Gargoyle Artificer)            Turns: 3008, Time: 00:09:05

Health: -1/38      AC: 12    Str: 17    XL:     6   Next: 42%
Magic:  9/9        EV:  9    Int: 12    God:
Gold:   151        SH:  0    Dex: 10    Spells: 0 memorised, 5 levels left

rFire  . . .     SeeInvis .     i - +0 whip
rCold  . . .     Gourm    .     h - +1 scale mail {MR+}
rNeg   + . .     Faith    .     (no shield)
rPois  ∞         Spirit   .     (no helmet)
rElec  +         Reflect  .     (no cloak)
rCorr  .         Harm     .     k - +0 pair of gloves
MR     +....                    (no boots)
Stlth  ..........               (no amulet)
                                (no ring)
                                (no ring)

@: no status effects
A: negative energy resistance 1, electricity resistance, unbreathing,
petrification resistance, rot immunity, AC +4
a: no special abilities


You were on level 3 of the Dungeon.
You were not hungry.

You visited 1 branch of the dungeon, and saw 4 of its levels.

You collected 151 gold pieces.

Inventory:

Hand Weapons
 a - a +0 short sword
 i - a +0 whip (weapon)
Armour
 h - a +1 scale mail of magic resistance (worn)
 k - a +0 pair of gloves (worn)
 l - a +0 plate armour
Jewellery
 q - an uncursed amulet of rage
Wands
 c - a wand of flame (0/48)
 d - a wand of enslavement (7/24)
 e - a wand of random effects (15/48)
Scrolls
 g - 2 scrolls of remove curse
 m - a scroll of teleportation {unknown}
 r - a scroll of recharging {unknown}
 s - a scroll of enchant weapon {unknown}
Potions
 j - 2 potions of lignification {unknown}
 n - a potion of magic
Comestibles
 b - 4 fruits
 f - 2 bread rations
 p - a meat ration
 t - 4 chunks of flesh
 u - a beef jerky


   Skills:
 + Level 3.7 Fighting
 - Level 0.8 Short Blades
 * Level 3.6 Maces & Flails
 - Level 1.5 Dodging
 - Level 1.1 Stealth
 + Level 4.2 Evocations


You had 5 spell levels left.
You didn't know any spells.

Dungeon Overview and Level Annotations

Branches:
Dungeon (4/15)
 Temple: D:4-7

Altars:

Annotations:
D:3 Duvessa


Innate Abilities, Weirdness & Mutations

You are resistant to torment.
Your stone body is resilient. (AC +4)
You are immune to poison.
You resist negative energy. (rN+)
You are resistant to electric shocks. (rElec)
You can survive without breathing.
You are immune to petrification.
You are immune to rotting.


Message History

The frilled lizard bites you but does no damage.
Duvessa hits you with a short sword of speed.
* * * LOW HITPOINT WARNING * * *
You feel better. Duvessa hits you but does no damage.
The frilled lizard bites you but does no damage.
Duvessa hits you with a short sword of speed!
* * * LOW HITPOINT WARNING * * *
You closely miss Duvessa.
Duvessa is severely wounded.
Duvessa hits you but does no damage.
The frilled lizard bites you but does no damage.
Evoke which item? (* to show all) (? for menu, Esc to quit)
Zapping:
c - a wand of flame (1/48)
Press: ? - help, Shift-Dir - straight line, f - Duvessa
Aim: Duvessa, wielding a short sword of speed (severely wounded, berserk, fast, unusually strong)
The puff of flame misses Duvessa.
This wand has 0 charges left.
Duvessa hits you but does no damage.
The frilled lizard bites you but does no damage.
Duvessa hits you with a short sword of speed.
You die...

#..#.# #....# ##.#.#
#....# #.#.# #....#
#...# #....# #####
##..# #....#
....######## #..#
#....#
###.##.....####..####
#....#
..#.##.....#....)...#
######
#.#.##.....#....@e..#
#.#.##.....#...l....#
....##.....#.)......#
#...##.....#........#
#..)##..............#
#...##.....#........#
#...######.#........#
#...#
#.################
##.##
#.#########......#


You could see Duvessa (berserk) and a frilled lizard.

Vanquished Creatures
  The ghost of theAP the Charlatan, an amateur TrAr (D:3)
  Dowan (D:3)
  2 orc wizards (D:3)
  A worker ant (D:3)
  2 gnolls (D:3)
  3 adders
  5 dart slugs
  2 leopard geckos
  3 orcs (D:3)
  4 giant cockroaches
  9 goblins
  4 hobgoblins
  A quokka (D:2)
  2 ball pythons
  5 bats
  A frilled lizard (D:1)
  A jackal skeleton (D:4)
  11 kobolds
  5 rats
63 creatures vanquished.

Vanquished Creatures (collateral kills)
  A gnoll (D:3)
  An orc (D:3)
2 creatures vanquished.

Vanquished Creatures (others)
  A gnoll (D:3)
  An orc (D:3)
2 creatures vanquished.

Grand Total: 67 creatures vanquished

Notes
Turn   | Place    | Note
-------+----------+-------------------------------------------
     0 | D:1      | theAP the Gargoyle Artificer began the quest for the Orb.
     0 | D:1      | Reached XP level 1. HP: 12/12 MP: 2/2
   248 | D:1      | Reached XP level 2. HP: 15/16 MP: 4/4
   288 | D:1      | Reached skill level 1 in Maces & Flails
   345 | D:1      | Reached skill level 3 in Evocations
   618 | D:1      | Reached XP level 3. HP: 19/21 MP: 5/5
  1644 | D:3      | Noticed theAP's ghost (amateur TrAr)
  1665 | D:3      | Killed theAP's ghost
  1665 | D:3      | Reached XP level 4. HP: 16/28 MP: 6/6
  1665 | D:3      | Reached XP level 5. HP: 18/32 MP: 7/7
  2141 | D:3      | Reached skill level 4 in Evocations
  2489 | D:3      | Reached XP level 6. HP: 23/37 MP: 9/9
  2913 | D:4      | Noticed Dowan
  2914 | D:4      | Noticed Duvessa
  2992 | D:3      | Killed Dowan
  3008 | D:3      | Slain by Duvessa

Skill      XL: |  1  2  3  4  5 |
---------------+----------------+-----
Maces & Flails | 1 2 3 |  3.6
Evocations     | 3 4 |  4.2
Fighting       | 3 |  3.7
Short Blades   | |  0.8
Dodging        | |  1.5
Stealth        | |  1.1

Action                   |  1- 3 |  4- 6 || total
-------------------------+-------+-------++-------
Melee: Short sword       |    18 |       ||    18
       Whip              |   154 |   158 ||   312
Evoke: Wand              |     8 |    15 ||    23
  Use: Scroll            |     2 |       ||     2
       Potion            |       |     3 ||     3
  Eat: Chunk             |     2 |     5 ||     7
Armor: Ring mail         |    56 |       ||    56
       Leather armour    |     3 |       ||     3
       Plate armour      |    15 |       ||    15
       Scale mail        |     6 |   156 ||   162
Dodge: Dodged            |    88 |    94 ||   182
